 Dungeon Crawl Stone Soup version 0.30.1 (webtiles) character file.

Game seed: 15873426751340502242

2935 cdecastro the Spear-Bearer (level 9, 0/99 HPs)
             Began as a Gnoll Wanderer on July 2, 2023.
             Was an Initiate of Ashenzari.
             Slain by an orc
             ... wielding a +0 short sword
              (5 damage)
             ... on level 7 of the Dungeon.
             The game lasted 00:15:59 (6990 turns).

cdecastro the Spear-Bearer (Gnoll Wanderer)         Turns: 6990, Time: 00:16:00

Health: 0/99       AC:  7    Str: 12    XL:     9   Next: 80%
Magic:  15/19      EV: 12    Int: 15    God:    Ashenzari [......]
Gold:   270        SH:  0    Dex: 12    Spells: 21/22 levels left

rFire   + . .        a - +2 spear
rCold   . . .        (no shield)
rNeg    . . .        r - +0 ring mail
rPois   .            c - +0 helmet of Supernal Wisdom {Evo, Elem} (curse)
rElec   .            y - scarf {shadows}
rCorr   .            (no gloves)
SInv    .            (no boots)
Will    +....        (no amulet) Stlth
                     m - ring of protection from fire
HPRegen 0.36/turn    s - ring of willpower
MPRegen 0.16/turn

%: no passive effects
@: berserking, very quick
A: fangs 1, strong nose, distributed training
a: Renounce Religion, Shatter the Chains


You were on level 7 of the Dungeon.
You worshipped Ashenzari.
Ashenzari was noncommittal.
You visited 2 branches of the dungeon, and saw 8 of its levels.

You collected 270 gold pieces.

Inventory:

Hand Weapons
 a - a +2 spear (weapon)
 b - a +1 sling of freezing
 p - a +2 dagger of venom
Armour
 c - the cursed +0 helmet of Supernal Wisdom (worn) {Evo, Elem}
   (You found it on level 4 of the Dungeon)

   It has a curse which improves the following skills: Evocations: Evocations.
   Elements:  Fire Magic, Ice Magic, Air Magic and Earth Magic.
 q - a +0 scale mail
 r - a +0 ring mail (worn)
 y - a scarf of shadows (worn)
Jewellery
 m - a ring of protection from fire (left hand)
 s - a ring of willpower (right hand)
Wands
 x - a wand of iceblast (1)
 B - a wand of flame (13)
Scrolls
 d - 8 scrolls of identify {unknown}
 g - 2 scrolls of fog {unknown}
 i - 2 scrolls of silence {unknown}
 k - 2 scrolls of teleportation {unknown}
 n - 2 scrolls of poison {unknown}
 o - 2 scrolls of fear {unknown}
 v - a scroll of vulnerability {unknown}
 A - a scroll of noise {unknown}
 C - a scroll of enchant weapon {unknown}
Potions
 e - 2 potions of curing {unknown}
 f - 4 potions of brilliance {unknown}
 h - 5 potions of heal wounds {unknown}
 j - a potion of might {unknown}
 l - 3 potions of lignification {unknown}
 t - a potion of attraction {unknown}
 u - a potion of cancellation {unknown}
 w - a potion of ambrosia {unknown}
 z - a potion of degeneration {unknown}


   Skills:
 + Level 4.7 Fighting
 + Level 4.7 Short Blades
 + Level 4.7 Long Blades
 + Level 4.7 Axes
 + Level 4.7 Maces & Flails
 + Level 9.8 Polearms
 + Level 4.7 Staves
 + Level 4.7 Ranged Weapons
 + Level 4.7 Throwing
 + Level 6.7 Armour
 + Level 4.7 Dodging
 + Level 5.4 Stealth
 + Level 4.7 Shields
 + Level 4.7 Unarmed Combat
 + Level 7.0 Spellcasting
 + Level 3.9 Conjurations
 + Level 3.9 Hexes
 + Level 3.9 Summonings
 + Level 3.9 Necromancy
 + Level 3.9 Translocations
 + Level 3.9 Transmutations
 + Level 4.5(4.9) Fire Magic
 + Level 3.9(4.3) Ice Magic
 + Level 3.9(4.3) Air Magic
 + Level 3.9(4.3) Earth Magic
 + Level 3.9 Poison Magic
 + Level 5.2 Invocations
 + Level 4.7(5.1) Evocations


You had 21 spell levels left.
You knew the following spells:

 Your Spells              Type           Power      Damage    Failure   Level
a - Foxfire               Conj/Fire      72%        2x1d7     4%          1

Your spell library contained the following spells:

 Spells                   Type           Power      Damage    Failure   Level
 Magic Dart               Conj           68%        1d6       5%          1
 Cigotuvi's Dreadful Rot  Necr/Pois/Air  34%        N/A       8%          2
 Ensorcelled Hibernation  Hex/Ice        34%        N/A       8%          2
 Passwall                 Tmut/Erth      14%        N/A       8%          2
 Call Imp                 Summ           34%        N/A       9%          2
 Lesser Beckoning         Tloc           34%        N/A       9%          2
 Frozen Ramparts          Ice            36%        1d6       14%         3
 Ignite Poison            Fire/Tmut/Pois 18%        N/A       14%         3
 Swiftness                Air            18%        N/A       14%         3
 Gell's Gravitas          Tloc           17%        N/A       16%         3
 Mephitic Cloud           Conj/Pois/Air  17%        N/A       16%         3
 Teleport Other           Tloc           17%        N/A       16%         3
 Ice Form                 Ice/Tmut       17%        N/A       45%         4
 Summon Ice Beast         Ice/Summ       17%        N/A       45%         4
 Summon Lightning Spire   Summ/Air       17%        N/A       45%         4
 Freezing Cloud           Conj/Ice/Air   8%         6-21      80%         5
 Storm Form               Tmut/Air       8%         N/A       100%        7
 Maxwell's Capacitive Co  Air            9%         ∞         100%        8


Dungeon Overview and Level Annotations

Branches:
Dungeon (7/15)             Temple (1/1) D:6

Altars:
Ashenzari
Cheibriados
Dithmenos
Elyvilon
Gozag
Hepliaklqana
Makhleb
Nemelex Xobeh
Qazlal
Ru
Sif Muna
Trog
Vehumet
Xom
Yredelemnul
Zin
The Shining One

Shops:
D:6 *   D:7 (


Innate Abilities, Weirdness & Mutations

You have very sharp teeth.
Your uncanny sense of smell can sniff out nearby items.
Your experience applies equally to all skills.


Message History

Unknown command.
A red film seems to cover your vision as you go berserk!
You feel yourself moving faster!
You feel mighty! The orc closely misses you.
The orc warrior hits you with a +2 flail of holy wrath.
* * * LOW HITPOINT WARNING * * *
You hit the orc warrior.
The orc warrior is heavily wounded.
The orc barely misses you.
The orc warrior hits you with a +2 flail of holy wrath!
* * * LOW HITPOINT WARNING * * *
Unknown command.
You puncture the orc warrior!
The orc warrior is almost dead.
Unknown command.
You barely miss the orc warrior.
You bite the orc warrior, but do no damage.
The orc warrior is almost dead.
The orc closely misses you.
The orc warrior hits you with a +2 flail of holy wrath.
* * * LOW HITPOINT WARNING * * *
Unknown command.
You closely miss the orc warrior.
The orc warrior is almost dead.
Unknown command.
You closely miss the orc warrior.
The orc warrior is almost dead.
Unknown command.
You closely miss the orc warrior.
The orc warrior is almost dead.
The orc hits you with a +0 short sword.
* * * LOW HITPOINT WARNING * * *
The orc warrior hits you with a +2 flail of holy wrath.
* * * LOW HITPOINT WARNING * * *
Unknown command.
You puncture the orc warrior!
You kill the orc warrior!
Your Spellcasting skill increases to level 7!
Unknown command.
You closely miss the orc. The orc hits you with a +0 short sword.
You die...

#.. #.. ... ##.## ∆ ... #o#
########o# #....# #......)@#
#....# # ... #........# #....#
### ...# #........# #....# #..
#..##........# #....###.#
#.##........# #....##..#
####...........# #....#..##
#.##......####.#######......##
###.##....#.#
.##.......##.#...
....##....#...
.##.......##.#.##


You could see 2 orcs.

Vanquished Creatures
  Sigmund (D:3)
  A wyvern (D:4)
  5 yaks (D:6)
  A water moccasin (D:7)
  An orc warrior (D:7)
  5 black bears
  2 ice beasts
  A sky beast (D:7)
  3 ogres
  A phantom (D:4)
  2 kobold brigands (D:7)
  A scorpion (D:6)
  A jelly (D:6)
  3 hounds
  5 iguanas
  An orc wizard (D:4)
  7 adders
  A shadow imp (D:7)
  2 ufetubi (D:5)
  2 worms
  3 dart slugs
  11 orcs
  4 ball pythons
  6 bats
  7 endoplasms
  3 giant cockroaches
  8 goblins
  6 hobgoblins
  8 jackals
  6 quokkas
  3 frilled lizards
  15 kobolds
  5 rats (D:1)
131 creatures vanquished.

Vanquished Creatures (others)
  305 foxfires
305 creatures vanquished.

Grand Total: 436 creatures vanquished

Notes
Turn   | Place    | Note
-------+----------+-------------------------------------------
     0 | D:1      | cdecastro the Gnoll Wanderer began the quest for the Orb.
     0 | D:1      | cdecastro set off with the following items: a +2 spear, a
                  | +0 scale mail, a potion of berserk rage; and the following
                  | spell memorised: Foxfire; and the following spells
                  | available to memorise: Ignite Poison.
     0 | D:1      | Reached XP level 1. HP: 13/13 MP: 6/6
    63 | D:1      | Reached XP level 2. HP: 19/19 MP: 7/7
   308 | D:1      | Reached skill level 5 in Spellcasting
   308 | D:1      | Reached XP level 3. HP: 25/25 MP: 7/9
   379 | D:1      | Reached skill level 1 in Invocations
   700 | D:2      | Reached skill level 1 in Fighting
   700 | D:2      | Reached skill level 1 in Short Blades
   700 | D:2      | Reached skill level 1 in Long Blades
   700 | D:2      | Reached skill level 1 in Axes
   700 | D:2      | Reached skill level 1 in Maces & Flails
   700 | D:2      | Reached skill level 1 in Staves
   700 | D:2      | Reached skill level 1 in Ranged Weapons
   700 | D:2      | Reached skill level 1 in Throwing
   700 | D:2      | Reached skill level 1 in Dodging
   700 | D:2      | Reached skill level 1 in Shields
   700 | D:2      | Reached skill level 1 in Unarmed Combat
   700 | D:2      | Reached skill level 1 in Evocations
   777 | D:2      | Reached XP level 4. HP: 29/32 MP: 11/11
  1427 | D:3      | Reached skill level 1 in Conjurations
  1427 | D:3      | Reached skill level 1 in Hexes
  1427 | D:3      | Reached skill level 1 in Summonings
  1427 | D:3      | Reached skill level 1 in Necromancy
  1427 | D:3      | Reached skill level 1 in Translocations
  1427 | D:3      | Reached skill level 1 in Transmutations
  1427 | D:3      | Reached skill level 1 in Ice Magic
  1427 | D:3      | Reached skill level 1 in Air Magic
  1427 | D:3      | Reached skill level 1 in Earth Magic
  1427 | D:3      | Reached skill level 1 in Poison Magic
  1574 | D:3      | Noticed an ogre
  1584 | D:3      | Killed an ogre
  1585 | D:3      | Reached XP level 5. HP: 20/37 MP: 12/12
  1739 | D:3      | Found a sacrificial altar of Ru.
  1941 | D:3      | Noticed Sigmund
  2103 | D:3      | Found a hazy altar of Hepliaklqana.
  2135 | D:3      | Found a white marble altar of Elyvilon.
  2500 | D:3      | Killed Sigmund
  2501 | D:3      | Reached skill level 5 in Armour
  2501 | D:3      | Reached XP level 6. HP: 44/44 MP: 14/14
  2890 | D:4      | Reached XP level 7. HP: 50/50 MP: 11/15
  3203 | D:4      | Reached skill level 9 in Polearms
  3461 | D:4      | Noticed a wyvern
  3466 | D:4      | Killed a wyvern
  3654 | D:5      | Entered Level 5 of the Dungeon
  3702 | D:5      | Reached XP level 8. HP: 11/58 MP: 7/16
  4810 | D:6      | Found a glowing silver altar of Zin.
  4856 | D:6      | Found a burning altar of Makhleb.
  4861 | D:6      | Found a broken altar of Ashenzari.
  4869 | D:6      | Became a worshipper of Ashenzari the Shackled
  4999 | D:6      | Found an opulent altar of Gozag.
  5237 | D:6      | Found Pama's Fire Supplies.
  5344 | D:6      | Found a staircase to the Ecumenical Temple.
  5523 | Temple   | Entered the Ecumenical Temple
  5617 | D:7      | Found Buyxo's Antique Weapon Emporium.
  5631 | D:7      | Reached XP level 9. HP: 65/65 MP: 13/18
  5927 | D:7      | Found a shadowy altar of Dithmenos.
  6319 | D:6      | Reached skill level 5 in Stealth
  6537 | D:6      | Reached skill level 5 in Invocations
  6990 | D:7      | Slain by an orc

Illustrated notes

Levels and vault maps discovered:
D:1:      ncdulo_wetmaze, layout_basic
D:2:      minmay_wonky_spiral, layout_basic
D:3:      layout_basic, mainiacjoe_overflow_brackets,
          nicolae_elyvilon_peaceful_grove, mainiacjoe_overflow_small_starburst,
          uniq_sigmund
D:4:      layout_loops_ring
D:5:      layout_rooms, hangedman_abyss_or_decor_lesser_grid
D:6:      layout_loops_ring, minmay_overflow_temple_star_quad,
          overflow_temple_1_default, temple_hall_moat, nicolae_shop_fire_sale
          [nicolae_sub_dead_trees]
D:7:      wad_crossroads, layout_basic, kennysheep_mini,
          nicolae_dithmenos_the_darkroom, mainiacjoe_overflow_alcove_2,
          serial_shops, shop_fountains, minmay_misc_feat_iff,
          uniq_crazy_yiuf_cottage
Temple:   nicolae_temple_ecumenical_triangle

Skill      XL: |  1  2  3  4  5  6  7  8  9 |
---------------+----------------------------+-----
Fire Magic     | 2 3 4 |  4.5
Spellcasting   | 5 6 7 |  7.0
Invocations    | 1 2 3 4 5 |  5.2
Fighting       | 1 2 3 4 |  4.7
Short Blades   | 1 2 3 4 |  4.7
Long Blades    | 1 2 3 4 |  4.7
Axes           | 1 2 3 4 |  4.7
Maces & Flails | 1 2 3 4 |  4.7
Staves         | 1 2 3 4 |  4.7
Ranged Weapons | 1 2 3 4 |  4.7
Throwing       | 1 2 3 4 |  4.7
Dodging        | 1 2 3 4 |  4.7
Shields        | 1 2 3 4 |  4.7
Unarmed Combat | 1 2 3 4 |  4.7
Evocations     | 1 2 3 4 |  4.7
Conjurations   | 1 2 3 |  3.9
Hexes          | 1 2 3 |  3.9
Summonings     | 1 2 3 |  3.9
Necromancy     | 1 2 3 |  3.9
Translocations | 1 2 3 |  3.9
Transmutations | 1 2 3 |  3.9
Ice Magic      | 1 2 3 |  3.9
Air Magic      | 1 2 3 |  3.9
Earth Magic    | 1 2 3 |  3.9
Poison Magic   | 1 2 3 |  3.9
Armour         | 5 6 |  6.7
Stealth        | 3 4 5 |  5.4
Polearms       | 9 |  9.8

Action                     |  1- 3 |  4- 6 |  7- 9 || total
---------------------------+-------+-------+-------++-------
  Melee: Spear             |   112 |    49 |   195 ||   356
         Bite              |     6 |     9 |    24 ||    39
         Punch             |     2 |     1 |     3 ||     6
   Fire: Sling             |       |    35 |     7 ||    42
   Cast: Foxfire           |       |    13 |   157 ||   170
 Invoke: Curse Item        |       |       |     1 ||     1
    Use: Potion            |       |     1 |     2 ||     3
   Stab: Sleeping          |       |       |     2 ||     2
 Armour: Scale mail        |    26 |     8 |       ||    34
         Ring mail         |       |    16 |    64 ||    80
  Dodge: Dodged            |    34 |    22 |   112 ||   168
